 Dungeon Crawl Stone Soup version 0.32-a0-481-g9ce6b883f8 (webtiles) character file.

Game seed: 4706907082505216036

748 Gargoyl the Chopper (level 7, -8/58 HPs)
             Began as a Gargoyle Berserker on Feb 26, 2024.
             Was a Priest of Trog.
             Mangled by a two-headed ogre
             ... wielding a +0 giant spiked club
              (12 damage)
             ... on level 5 of the Dungeon.
             The game lasted 00:06:33 (3826 turns).

Gargoyl the Chopper (Gargoyle Berserker)            Turns: 3826, Time: 00:06:34

Health: -8/58      AC: 17    Str: 26    XL:     7   Next: 77%
Magic:  7/7        EV:  9    Int:  8    God:    Trog [***...]
Gold:   267        SH:  0    Dex: 11    Spells: 6/6 levels left

rFire   . . .        e - +2 hand axe (drain)
rCold   + . .        (no shield)
rNeg    + . .        n - +0 chain mail
rPois   ∞            f - +0 helmet
rElec   +            (no cloak)
rCorr   .            (no gloves)
SInv    .            (no boots)
Will    +....        (no amulet) Stlth
                     d - +6 ring of strength
HPRegen 0.29/turn    i - ring of willpower
MPRegen 0.10/turn

%: no passive effects
@: berserking, very quick
A: sickness immunity, AC +4, negative energy resistance 1, electricity
resistance, torment resistance 1, petrification resistance, iridescent scales 1,
cold resistance 1, frail 1, persistent drain
a: Renounce Religion, Berserk, Trog's Hand


You were on level 5 of the Dungeon.
You worshipped Trog.
Trog was most pleased with you.
You visited 1 branch of the dungeon, and saw 5 of its levels.

You collected 267 gold pieces.

Inventory:

Hand Weapons
 a - a +0 hand axe
 e - a +2 hand axe of draining (weapon)
Missiles
 c - 4 poisoned darts (quivered)
Armour
 f - a +0 helmet (worn)
 n - a +0 chain mail (worn)
Jewellery
 d - a +6 ring of strength (left hand)
 i - a ring of willpower (right hand)
 o - a +6 ring of dexterity
Wands
 g - a wand of paralysis (12)
 m - a wand of iceblast (10)
Scrolls
 j - a scroll of blinking
 p - a scroll of teleportation
 q - a scroll of identify
 s - a scroll of fear {unknown}
Potions
 b - 2 potions of lignification {unknown}
 h - 2 potions of ambrosia {unknown}
 k - a potion of brilliance {unknown}
 l - 2 potions of enlightenment
 r - a potion of mutation


   Skills:
 + Level 5.1 Fighting
 + Level 6.3 Axes
 + Level 3.9 Armour
 + Level 2.6 Dodging
 + Level 0.4 Stealth


You had 6 spell levels left.
You didn't know any spells.
Your spell library was empty.

Dungeon Overview and Level Annotations

Branches:
Dungeon (5/15)             Temple (0/1) D:4

Altars:
Cheibriados
Xom

Shops:
D:2 *


Innate Abilities, Weirdness & Mutations

You are immune to sickness and miasma.
Your stone body is resilient. (AC +4)
You are immune to poison.
You resist negative energy. (rN+)
You are resistant to electric shocks. (rElec)
You are resistant to unholy torment.
You are immune to petrification.
You are partially covered in iridescent scales. (AC +2)
Your flesh is cold resistant. (rC+)
You are frail. (-10% HP)
Your health recovers twice as slowly from being drained.


Message History

The scorpion is almost dead.
The scorpion misses you. The scorpion barely misses you.
You hit the scorpion.
You kill the scorpion!
Trog accepts your kill.
Things that are here:
a scorpion corpse; an iguana corpse You closely miss the adder.
The adder closely misses you.
You slash the adder!
The adder is almost dead.
You feel the effects of Trog's Hand fading.
The adder bites you but does no damage.
You barely miss the adder.
The adder is almost dead.
The adder bites you but does no damage.
You slash the adder!
You kill the adder!
Trog accepts your kill.
You hit the two-headed ogre but do no damage.
The two-headed ogre hits you with a +0 giant spiked club!
The two-headed ogre hits you but does no damage.
You slash the two-headed ogre!
The two-headed ogre is lightly wounded.
The two-headed ogre closely misses you.
The two-headed ogre hits you with a +0 giant spiked club!
A red film seems to cover your vision as you go berserk!
You feel yourself moving faster!
You feel mighty!
You slash the two-headed ogre! You drain the two-headed ogre.
The two-headed ogre is heavily wounded.
The two-headed ogre hits you with a +0 giant spiked club!
The two-headed ogre misses you.
You barely miss the two-headed ogre.
The two-headed ogre is heavily wounded.
Your skin stops crawling.
You feel less strong-willed.
You slice the two-headed ogre!! You drain the two-headed ogre.
The two-headed ogre is almost dead.
The two-headed ogre hits you with a +0 giant spiked club!
* * * LOW HITPOINT WARNING * * *
The two-headed ogre hits you with a +0 giant spiked club!
You die...

##...######.# #)#.
##...#....#.. #.#.
######.ßß.#######
#.## #
###.ßß.##[...###
#.#
####.'....#.####:.#
######.##
##...####)#.####..#
#........ ##...#
#.†#.##..###
#........
##...###..#.##..###
#.......)
##...##.####.###@.#
#........ #...##.#
#.###O.# #........
#...##.# #.#?$###
#........
##...##.####.#!%#
######.##
.....###....#####
#.# ...### ######
.. ...# ###
...#######
......)...


You could see a two-headed ogre (drained).

Vanquished Creatures
  2 ogres (D:4)
  A centaur (D:5)
  Blork the orc (D:5)
  A scorpion (D:5)
  A howler monkey (D:5)
  A hound (D:5)
  2 iguanas (D:5)
  2 orc wizards (D:5)
  Robin (D:1)
  7 adders
  A shadow imp (D:5)
  2 ufetubi (D:5)
  A dart slug (D:3)
  3 ribbon worms
  7 orcs
  10 ball pythons
  6 endoplasms
  2 giant cockroaches
  17 goblins
  10 hobgoblins
  3 quokkas
  2 bats (D:1)
  4 frilled lizards
  10 kobolds
  4 rats
101 creatures vanquished.

Notes
Turn   | Place    | Note
-------+----------+-------------------------------------------
     0 | D:1      | Gargoyl the Gargoyle Berserker began the quest for the Orb.
     0 | D:1      | Reached XP level 1. HP: 14/14 MP: 1/1
   220 | D:1      | Reached XP level 2. HP: 12/19 MP: 2/2
   264 | D:1      | Reached skill level 3 in Axes
   827 | D:2      | Reached XP level 3. HP: 4/23 MP: 3/3
   827 | D:2      | Noticed Robin
   834 | D:2      | HP: 1/23 [goblin/sling bullet[Robin] (2)]
   965 | D:1      | Reached ** piety under Trog
  1011 | D:1      | Killed Robin
  1015 | D:1      | Reached XP level 4. HP: 28/29 MP: 4/4
  1259 | D:2      | Gained mutation: You are partially covered in iridescent
                  | scales. (AC +2) [potion of mutation]
  1259 | D:2      | Gained mutation: You are frail. (-10% HP) [potion of
                  | mutation]
  1259 | D:2      | Gained mutation: Your health recovers twice as slowly from
                  | being drained. [potion of mutation]
  1259 | D:2      | Gained mutation: Your flesh is cold resistant. (rC+)
                  | [potion of mutation]
  1534 | D:2      | Reached skill level 4 in Axes
  1569 | D:2      | Found Ucob's General Store.
  2154 | D:3      | Reached XP level 5. HP: 29/29 MP: 5/5
  2384 | D:3      | Found a shimmering altar of Xom.
  2743 | D:4      | Noticed an ogre
  2743 | D:4      | Noticed an ogre
  2750 | D:4      | Killed an ogre
  2755 | D:4      | Killed an ogre
  2756 | D:4      | Reached XP level 6. HP: 13/35 MP: 6/6
  2756 | D:4      | Found the +6 shillelagh "Devastator" {shatter}
  2858 | D:4      | Found a staircase to the Ecumenical Temple.
  2950 | D:4      | Reached skill level 5 in Axes
  3309 | D:5      | Entered Level 5 of the Dungeon
  3474 | D:5      | Reached XP level 7. HP: 39/39 MP: 7/7
  3557 | D:5      | Found a snail-covered altar of Cheibriados.
  3604 | D:5      | Noticed Blork the orc
  3618 | D:5      | Killed Blork the orc
  3618 | D:5      | Reached *** piety under Trog
  3658 | D:5      | Reached skill level 5 in Fighting
  3771 | D:5      | Reached skill level 6 in Axes
  3780 | D:5      | Noticed a two-headed ogre
  3826 | D:5      | Mangled by a two-headed ogre

Illustrated notes

Levels and vault maps discovered:
D:1:      dpeg_arrival_simpleton_c, layout_basic
D:2:      layout_basic, serial_shops, shop, uniq_robin
D:3:      layout_basic, xom_teletrap_fun, nicolae_houndstooth_variations
D:4:      layout_basic, minmay_temple_entry_statues_pillars,
          dilly_guarded_unrand_devastator
D:5:      minmay_chambers_of_fours, layout_basic,
          mainiacjoe_overflow_tiny_flanked, minivault_1,
          serial_library_hellmonk_hallway_a, uniq_blork_the_orc

Skill      XL: |  1  2  3  4  5  6  7 |
---------------+----------------------+-----
Axes           | 3 4 5 6 |  6.3
Dodging        | 2 |  2.6
Fighting       | 4 5 |  5.1
Armour         | 3 |  3.9
Stealth        | |  0.4

Action                     |  1- 3 |  4- 6 |  7- 9 || total
---------------------------+-------+-------+-------++-------
  Melee: Hand axe          |    88 |   123 |    64 ||   275
 Invoke: Berserk           |     3 |     2 |     1 ||     6
         Trog's Hand       |       |     1 |     1 ||     2
    Use: Scroll            |     1 |     4 |       ||     5
         Potion            |       |     2 |       ||     2
 Armour: Animal skin       |    72 |    46 |       ||   118
         Ring mail         |       |    23 |       ||    23
         Chain mail        |       |    39 |    79 ||   118
  Dodge: Dodged            |    93 |    80 |    34 ||   207

Table legend: (Time is in decaauts)
 A = Elapsed time spent in this place.
 B = Non-inter-level travel time spent in this place.
 C = Inter-level travel time spent in this place.
 D = Time resting spent in this place.
 E = Time spent auto-exploring this place.
 F = Levels seen in this place.
 G = Mean time per level.
                   A        B        C        D        E       F      G
               +--------+--------+--------+--------+--------+-----+--------+
         Total |   3893 |   3846 |     47 |    492 |   2369 |   5 |  778.6 |
       Dungeon |   3893 |   3846 |     47 |    492 |   2369 |   5 |  778.6 |
               +--------+--------+--------+--------+--------+-----+--------+

Top non-repeatable levels by time:
     D:1: 1349 daAuts
     D:3: 716 daAuts
     D:2: 668 daAuts
     D:4: 642 daAuts
     D:5: 516 daAuts
